 Dungeon Crawl Stone Soup version 0.28.0 (webtiles) character file.

Game seed: 15754979776212250738

30 ZombieSheep the Chopper (level 3, 0/31 HPs)
             Began as a Minotaur Gladiator on Feb 7, 2022.
             Slain by a gnoll (3 damage)
             ... on level 2 of the Dungeon.
             The game lasted 00:01:09 (1213 turns).

ZombieSheep the Chopper (Minotaur Gladiator)        Turns: 1213, Time: 00:01:10

Health: 0/31       AC:  3    Str: 18    XL:     3   Next: 3%
Magic:  2/2        EV: 12    Int:  5    God:
Gold:   70         SH:  0    Dex: 13    Spells: 2/2 levels left

rFire   . . .      SeeInvis .   a - +0 war axe
rCold   . . .      Faith    .   (no shield)
rNeg    . . .      Spirit   .   b - +0 leather armour
rPois   .          Reflect  .   c - +0 hat
rElec   .          Harm     .   (no cloak)
rCorr   .          Rampage  .   (no gloves)
Will    .....                   (no boots)
Stlth   +.........              (no amulet)
HPRegen 0.10/turn               (no ring)
MPRegen 0.08/turn               (no ring)

@: no status effects
A: horns 2, retaliatory headbutt
a: no special abilities


You were on level 2 of the Dungeon.
You visited 1 branch of the dungeon, and saw 2 of its levels.

You collected 70 gold pieces.

Inventory:

Hand Weapons
 a - a +0 war axe (weapon)
Missiles
 d - 3 throwing nets (quivered)
Armour
 b - a +0 leather armour (worn)
 c - a +0 hat (worn)
Potions
 f - a potion of flight {unknown}
 g - a potion of degeneration {unknown}
 h - a potion of brilliance {unknown}
 i - a potion of might {unknown}
 j - 2 potions of attraction {unknown}


   Skills:
 + Level 3.0 Fighting
 + Level 4.0 Axes
 - Level 2.0 Throwing
 + Level 1.4 Armour
 + Level 3.6 Dodging


You had 2 spell levels left.
You didn't know any spells.
Your spell library was empty.

Dungeon Overview and Level Annotations

Branches:
Dungeon (2/15)

Altars:

Annotations:
D:2 Sigmund


Innate Abilities, Weirdness & Mutations

You have a pair of horns on your head.
You reflexively headbutt those who attack you in melee.


Message History

A gnoll comes into view. It is wielding a +0 whip.
The gnoll shouts!
You hit the rat.
You kill the rat!
Your Axes skill increases to level 4!
No target in view!
No target in view!
No target in view! 2 gnolls come into view.
The gnoll shouts! x2
A gnoll comes into view. It is wielding a +0 club.
You see here a rat corpse.
The gnoll shouts!
The gnoll hits you from afar with a +0 halberd!
You barely miss the gnoll. You headbutt the gnoll!
The gnoll is heavily wounded.
The gnoll closely misses you.
Sigmund the Dreaded comes into view.
He is wielding a +0 scythe and wearing a +2 robe of cold resistance.
The gnoll hits you from afar with a +0 halberd!
You are too injured to fight recklessly!
You are too injured to fight recklessly!
Unknown command.
Sigmund shouts!
You slash the gnoll!
You kill the gnoll!
You closely miss the gnoll. You hit the gnoll but do no damage.
The gnoll closely misses you. The gnoll barely misses you.
The gnoll hits you with a +0 club.
* * * LOW HITPOINT WARNING * * *
Your Fighting skill increases to level 3!
You have reached level 3!
Your experience leads to an increase in your attributes!
Increase (S)trength, (I)ntelligence, or (D)exterity?
You feel agile. x2
You barely miss the gnoll. You hit the gnoll.
Sigmund mumbles some strange words.
Sigmund flickers and vanishes!
Deactivating autopickup; reactivate with Ctrl-A.
The gnoll barely misses you. x2; The gnoll hits you with a +0 club.
You die...

............#.#.#
#. .###.##.###.#
#.# #. #. #.### #
#.# #. #. #...# #.#
# #. ###.# #.#.# #.
###)#..... #.
#...<.....#
##g##†.........
#.)@...>.......
....{gg##..........
....#.. #.........#
....... ###.##...##
. ###.# #.# ..## #.
.# ## #. .# #.


You could see 3 gnolls.

Vanquished Creatures
  A gnoll (D:2)
  A dart slug (D:1)
  4 endoplasms (D:1)
  A giant cockroach (D:1)
  2 hobgoblins (D:1)
  3 kobolds
  A quokka (D:1)
  A frilled lizard (D:1)
  A goblin (D:1)
  A rat (D:2)
16 creatures vanquished.

Notes
Turn   | Place    | Note
-------+----------+-------------------------------------------
     0 | D:1      | ZombieSheep the Minotaur Gladiator began the quest for the
                  | Orb.
     0 | D:1      | Reached XP level 1. HP: 18/18 MP: 0/0
   576 | D:1      | Reached XP level 2. HP: 19/25 MP: 1/1
   781 | D:1      | Reached skill level 1 in Armour
  1208 | D:2      | Reached skill level 4 in Axes
  1211 | D:2      | Noticed Sigmund
  1213 | D:2      | Reached XP level 3. HP: 3/31 MP: 2/2
  1213 | D:2      | Slain by a gnoll

Illustrated notes

Levels and vault maps discovered:
D:1:      dpeg_arrival_connections, layout_basic
D:2:      layout_loops_ring, uniq_sigmund, uniq_crazy_yiuf_cottage

Skill      XL: |  1  2 |
---------------+-------+-----
Armour         | 1 |  1.4
Axes           | 4 |  4.0
Fighting       | 3 |  3.0
Throwing       | |  2.0
Dodging        | |  3.6

Action                   || total
-------------------------++-------
Melee: War axe           ||    27
       Headbutt          ||     3
  Use: Scroll            ||     1
 Stab: Sleeping          ||     1
Armor: Leather armour    ||     1
Dodge: Dodged            ||    27
